 Dungeon Crawl Stone Soup version 0.25-a0-942-g87a5396 (webtiles) character file.

1802 Brocelonius the Shield-Bearer (level 9, -7/46 HPs)
             Began as a Vine Stalker Fighter on Aug 24, 2016.
             Was a Follower of Makhleb.
             Mangled by an ogre
             ... wielding a +0 giant club
              (20 damage)
             ... on level 8 of the Dungeon on May 7, 2020.
             The game lasted 00:44:37 (6727 turns).

Brocelonius the Shield-Bearer (VSFi)                Turns: 6727, Time: 00:44:38

Health: -7/46      AC:  8    Str: 21    XL:     9   Next: 9%
Magic:  0/10       EV: 10    Int:  8    God:    Makhleb [*.....]
Gold:   454        SH: 10    Dex: 15    Spells: 8/8 levels left

rFire    + . .     SeeInvis .   o - +5 short sword (speed)
rCold    x . .     Gourm    .   c - +0 kite shield
rNeg     + . .     Faith    .   b - +0 scale mail
rPois    .         Spirit   +   x - +0 helmet
rElec    .         Reflect  .   (no cloak)
rCorr    .         Harm     .   (no gloves)
MR       +....                  (no boots)
Stlth    ..........             v - amulet of regeneration
HPRegen  0.95/turn              k - ring of fire
MPRegen  0.12/turn              n - ring of positive energy

@: very slightly contaminated, very slow
A: fangs 3, regeneration 1, magic shield, antimagic bite, no potion heal 3, rot
immunity
a: Renounce Religion


You were on level 8 of the Dungeon.
You worshipped Makhleb.
Makhleb was aware of your devotion.
You were not hungry.

You visited 2 branches of the dungeon, and saw 9 of its levels.

You collected 454 gold pieces.

Inventory:

Hand Weapons
 o - a +5 short sword of speed (weapon)
 C - a +1 spear of flaming
Missiles
 a - 3 javelins (quivered)
 h - 2 boomerangs of dispersal
 i - 3 throwing nets
Armour
 b - a +0 scale mail (worn)
 c - a +0 kite shield (worn)
 u - a +0 chain mail
 x - a +0 helmet (worn)
 B - cursed +0 steam dragon scales
Jewellery
 k - a ring of fire (left hand)
 n - a ring of positive energy (right hand)
 v - an amulet of regeneration (around neck)
Wands
 y - a wand of random effects (10)
Scrolls
 j - a scroll of fog
 t - a scroll of amnesia {unknown}
 w - a scroll of immolation {unknown}
 A - a scroll of remove curse
 D - a scroll of random uselessness {unknown}
Potions
 d - a potion of magic
 e - 2 potions of heal wounds
 f - a potion of resistance
 l - a potion of haste
 m - a potion of curing
 q - a potion of invisibility {unknown}
 r - a potion of mutation {unknown}
 z - a potion of degeneration {unknown}
Comestibles
 g - 12 rations


   Skills:
 * Level 4.8 Fighting
 + Level 4.4 Short Blades
 * Level 2.1 Polearms
 + Level 0.2 Throwing
 * Level 5.0 Armour
 * Level 3.4 Dodging
 + Level 0.2 Stealth
 * Level 5.9 Shields


You had 8 spell levels left.
You didn't know any spells.
Your spell library contained the following spells:

 Spells                   Type           Power        Failure   Level  Hunger
 Magic Dart               Conj           #...         98%         1    ##.....
 Searing Ray              Conj           #.....       99%         2    ###....
 Dazzling Flash           Conj/Hex       #.....       100%        3    ####...
 Fulminant Prism          Conj/Hex       #.........   100%        4    #####..
 Iskenderun's Mystic Bla  Conj/Tloc      #.......     100%        4    #####..


Dungeon Overview and Level Annotations

Branches:
Dungeon (8/15)             Temple (1/1) D:6
   Lair: D:8-11

Altars:
Ashenzari
Cheibriados
Dithmenos
Elyvilon
Fedhas
Gozag
Hepliaklqana
Kikubaaqudgha
Makhleb
Nemelex Xobeh
Okawaru
Qazlal
Ru
Sif Muna
Trog
Uskayaw
Vehumet
Xom
Yredelemnul
Zin
The Shining One


Innate Abilities, Weirdness & Mutations

You have razor-sharp teeth.
Your natural rate of healing is unusually fast.
When hurt, damage is shared between your health and your magic reserves.
Your bite disrupts and absorbs the magic of your enemies.
Potions cannot restore your health.
You are immune to rotting.


Message History

The orc wizard blinks!
You block the orc warrior's attack.
Your unstable footing causes you to fumble your attack.
The ogre hits you with a +0 giant club!
* * * LOW HITPOINT WARNING * * *
The orc warrior completely misses you.
Blink to where?
Press: ? - help, Dir - move target cursor Splash!
You are very lightly contaminated with residual magic.
As you read the scroll labeled ULOAN LIUNUSI, it crumbles to dust.
It was a scroll of blinking.
You hear the faint creaking of a portcullis.
Your surroundings suddenly seem different.
Splash!
The orc wizard hits you but does no damage.
Your unstable footing causes you to fumble your attack.
The orc wizard hits you but does no damage.
You block the orc warrior's attack.
The ogre hits you with a +0 giant club!!
You die...

###### #######....#
##..........#
#..≈≈≈≈≈≈≈..#
#..≈#####≈..# . #.
#≈..# ##### #.
#≈..###...## . #..
#@o....###.#
#.≈##.##oO......#.#
#.≈≈≈≈)[≈.###.#.#.#
......[)).####...##
###..######.....##
.........<....###
###...####.....# #
#.........
#.....####


You could see an orc warrior, an ogre and an orc wizard.

Vanquished Creatures
  A hippogriff (D:7)
  Eustachio (D:6)
  An orc warrior (D:6)
  A phantom (D:5)
  An ogre (D:4)
  2 centaurs
  2 bullfrogs
  A gnoll sergeant (D:7)
  A scorpion (D:5)
  A crimson imp (D:7)
  A jelly (D:5)
  2 hounds
  3 orc priests
  A gnoll shaman (D:7)
  3 bullfrog skeletons
  4 orc wizards
  4 worker ants
  A hound skeleton (D:4)
  A worker ant zombie (D:6)
  8 gnolls (D:7)
  5 adders
  An ooze (D:4)
  A worm (D:2)
  4 dart slugs
  3 leopard geckos
  23 orcs
  10 bats
  7 giant cockroaches
  8 hobgoblins
  6 jackals
  9 kobolds
  7 quokkas
  5 frilled lizards
  18 goblins
  A quokka skeleton (D:7)
  11 rats
  A plant (Temple)
160 creatures vanquished.

Vanquished Creatures (others)
  3 toadstools (D:4)
3 creatures vanquished.

Grand Total: 163 creatures vanquished

Notes
Turn   | Place    | Note
-------+----------+-------------------------------------------
     0 | D:1      | Brocelonius the Vine Stalker Fighter began the quest for
                  | the Orb.
     0 | D:1      | Reached XP level 1. HP: 11/11 MP: 2/2
   256 | D:1      | Reached XP level 2. HP: 14/16 MP: 3/3
   669 | D:1      | Reached XP level 3. HP: 20/20 MP: 4/4
  1781 | D:2      | Gained mutation: Your natural rate of healing is unusually
                  | fast. [Vine Stalker growth]
  1781 | D:2      | Reached XP level 4. HP: 15/24 MP: 5/5
  2035 | D:2      | Reached skill level 1 in Dodging
  2851 | D:3      | Reached XP level 5. HP: 28/28 MP: 6/6
  3001 | D:3      | Reached skill level 1 in Short Blades
  3235 | D:4      | Noticed an ogre
  3251 | D:4      | Killed an ogre
  3251 | D:4      | Reached XP level 6. HP: 32/32 MP: 7/7
  3983 | D:5      | Entered Level 5 of the Dungeon
  4166 | D:5      | Noticed a phantom
  4177 | D:5      | Killed a phantom
  4177 | D:5      | Reached XP level 7. HP: 35/37 MP: 8/8
  4942 | D:6      | Gained mutation: You have razor-sharp teeth. [Vine Stalker
                  | growth]
  4942 | D:6      | Reached XP level 8. HP: 33/42 MP: 7/9
  5026 | D:6      | Noticed Eustachio
  5043 | D:6      | Killed Eustachio
  5043 | D:6      | Reached skill level 5 in Shields
  5074 | D:6      | Found a shimmering altar of Xom.
  5091 | D:6      | Got an ichor-stained leather armour
  5116 | D:6      | Found a shadowy altar of Dithmenos.
  5144 | D:6      | Found a staircase to the Ecumenical Temple.
  5153 | Temple   | Entered the Ecumenical Temple
  5359 | Temple   | Became a worshipper of Makhleb the Destroyer
  5774 | D:7      | Noticed a hippogriff
  5787 | D:7      | Killed a hippogriff
  5787 | D:7      | Reached skill level 5 in Armour
  6020 | D:7      | Reached XP level 9. HP: 29/46 MP: 8/10
  6023 | D:7      | Reached * piety under Makhleb
  6727 | D:8      | Mangled by an ogre

Levels and vault maps discovered:
D:1:      dpeg_arrival_rooms_with_view
D:2:      layout_basic, first_ration, minmay_pentomino_s2
D:3:      layout_rooms
D:4:      layout_loops_ring, minmay_door_square, minmay_gold_behind_fungi
D:5:      layout_loops_ring
D:6:      layout_rooms, temple_doors_e, basic_altar,
          grunt_dithmenos_smoke_and_mirrors, uniq_eustachio
D:7:      layout_basic
D:8:      layout_loops_ring, enter_bailey_3, grunt_livestock
Temple:   kilobyte_greek_temple

Skill      XL: |  1  2  3  4  5  6  7  8 |
---------------+-------------------------+-----
Fighting       | 3 4 |  4.8
Polearms       | 2 |  2.1
Shields        | 3 4 5 |  5.9
Armour         | 3 4 5 |  5.0
Dodging        | 1 2 3 |  3.4
Short Blades   | 1 2 3 4 |  4.4
Throwing       | |  0.2
Stealth        | |  0.2

Action                   |  1- 3 |  4- 6 |  7- 9 || total
-------------------------+-------+-------+-------++-------
Melee: Trident           |    81 |       |       ||    81
       Bite              |    29 |    41 |   118 ||   188
       Short sword       |    36 |   166 |   285 ||   487
Throw: Javelin           |       |     3 |     2 ||     5
  Use: Scroll            |       |     6 |     6 ||    12
       Potion            |       |     2 |       ||     2
  Eat: Ration            |     1 |     1 |     1 ||     3
       Chunk             |       |     6 |     5 ||    11
Armor: Scale mail        |    62 |    57 |    53 ||   172
Dodge: Dodged            |    29 |    37 |    60 ||   126
Block: Kite shield       |    42 |    82 |   122 ||   246

Table legend:
 A = Non-vault XP
 B = Vault XP
 C = Vault XP percentage of total XP
 D = Non-vault monster count
 E = Vault monster count
 F = Vault count percentage of total count
                 A         B        C        D         E       F
            +---------+---------+-------+---------+---------+-------
      Total |    2294 |     211 |   8.4 |     122 |       6 |   4.7
            +---------+---------+-------+---------+---------+-------
        D:2 |      79 |       1 |   1.2 |      28 |       1 |   3.4
        D:3 |     111 |       0 |   0.0 |      22 |       0 |   0.0
        D:4 |     211 |       0 |   0.0 |      17 |       0 |   0.0
        D:5 |     459 |       0 |   0.0 |      14 |       0 |   0.0
        D:6 |     552 |     203 |  26.9 |      16 |       1 |   5.9
        D:7 |     786 |       0 |   0.0 |      22 |       0 |   0.0
        D:8 |      96 |       7 |   6.8 |       3 |       4 |  57.1
            +---------+---------+-------+---------+---------+-------
